 Dungeon Crawl Stone Soup version 0.23-a0-831-g5da158a (webtiles) character file.

67 CanOfBees the Conjurer (level 4, 0/25 HPs)
             Began as a Tengu Conjurer on Jan 23, 2019.
             Slain by a phantom (6 damage)
             ... on level 1 of the Dungeon.
             The game lasted 00:03:45 (2155 turns).

CanOfBees the Conjurer (Tengu Conjurer)             Turns: 2155, Time: 00:03:46

Health: 0/25       AC:  2    Str:  9    XL:     4   Next: 18%
Magic:  1/9        EV: 13    Int: 15    God:
Gold:   107        SH:  0    Dex: 15    Spells: 5/8 levels left

rFire    . . .     SeeInvis .   j - +0 whip
rCold    . . .     Gourm    .   (no shield)
rNeg     . . .     Faith    .   a - +0 robe
rPois    .         Spirit   .   (helmet restricted)
rElec    .         Reflect  .   (no cloak)
rCorr    .         Harm     .   (no gloves)
MR       .....                  (boots unavailable)
Stlth    ++........             (no amulet)
HPRegen  0.08/turn              (no ring)
MPRegen  0.11/turn              (no ring)

@: no status effects
A: beak, talons 3
a: no special abilities


You were on level 1 of the Dungeon.
You were not hungry.

You visited 1 branch of the dungeon, and saw 2 of its levels.

You collected 107 gold pieces.

Inventory:

Hand Weapons
 g - a +0 short sword
 j - a +0 whip (weapon)
 k - a +1 hand axe of electrocution
Missiles
 b - 18 arrows
Armour
 a - a +0 robe (worn)
Scrolls
 d - a scroll of noise {unknown}
 e - a scroll of remove curse {unknown}
 i - a scroll of enchant weapon {unknown}
 l - 2 scrolls of identify {unknown}
Potions
 f - a potion of curing {unknown}
 h - 3 potions of magic {unknown}
 m - a potion of flight {unknown}
Comestibles
 c - 3 rations
 n - 2 chunks of flesh


   Skills:
 + Level 1.6 Fighting
 + Level 1.3 Maces & Flails
 - Level 2.1 Dodging
 - Level 2.0 Stealth
 + Level 2.7 Spellcasting
 + Level 5.9 Conjurations


You had 5 spell levels left.
You knew the following spells:

 Your Spells              Type           Power        Failure   Level  Hunger
a - Magic Dart            Conj           ###.         1%          1    #......
b - Searing Ray           Conj           ###...       2%          2    ##.....

Your spell library contained the following spells:

 Spells                   Type           Power        Failure   Level  Hunger
 Dazzling Spray           Conj/Hex       ##....       19%         3    ###....
 Iskenderun's Mystic Bla  Conj           ###.....     19%         4    #####..
 Force Lance              Conj/Tloc      ##......     52%         4    #####..
 Fulminant Prism          Conj/Hex       ##........   52%         4    #####..


Dungeon Overview and Level Annotations

Branches:
Dungeon (2/15)

Altars:
Xom

Annotations:
D:2 Terence


Innate Abilities, Weirdness & Mutations

You have a beak for a mouth.
You have claws for feet.


Message History

The phantom is heavily damaged.
The phantom hits you.
* * * LOW HITPOINT WARNING * * *
Casting: Magic Dart (safe; 1% risk of failure)
Confirm with . or Enter, or press ? or * to list all spells.
Aiming: Magic Dart (safe; 1% risk of failure)
Press: ? - help, Shift-Dir - straight line, f/p - phantom
Aim: a phantom (heavily damaged)
The magic dart hits the phantom.
The phantom is heavily damaged.
The phantom hits you but does no damage.
Casting: Magic Dart (safe; 1% risk of failure)
Confirm with . or Enter, or press ? or * to list all spells.
Aiming: Magic Dart (safe; 1% risk of failure)
Press: ? - help, Shift-Dir - straight line, f/p - phantom
Aim: a phantom (heavily damaged)
The magic dart hits the phantom.
The phantom is severely damaged.
The phantom hits you.
You die...

.......# ##...######.##.##.#
###.#### ##.## #.##.##.##
.##.### #.# #........#
......# #.# ##.#.###.#
.####.# ##'## #.#.###.# ##
#.# ##...## #.#.^...# #####.#
##.....## #.####..#
##.##.###.......## #..###..#
#...#.##.......W@####...##..#
.......+.........'..........#
#...#.##.........####...##.##
##..............##
##.###.##### #.##.###......##
##........# ##.##.# #.#...##
##...#.###.# #.....###.##'###
#.###..# #.# #..#####.......#
#.# #..# #.# #.)#####..##.#.#
#.###.## #.#


You could see a phantom.

Vanquished Creatures
  2 adders
  An ooze (D:1)
  2 worms (D:2)
  A leopard gecko (D:2)
  A giant cockroach (D:1)
  4 goblins
  4 hobgoblins
  4 jackals (D:1)
  5 kobolds
  2 ball pythons (D:1)
  4 bats
  5 frilled lizards
  4 rats
39 creatures vanquished.

Notes
Turn   | Place    | Note
-------+----------+-------------------------------------------
     0 | D:1      | CanOfBees the Tengu Conjurer began the quest for the Orb.
     0 | D:1      | Reached XP level 1. HP: 10/10 MP: 4/4
   211 | D:1      | Reached XP level 2. HP: 16/16 MP: 3/6
   237 | D:1      | Learned a level 2 spell: Searing Ray
   420 | D:1      | Reached skill level 1 in Fighting
   910 | D:1      | Reached XP level 3. HP: 16/20 MP: 4/7
  1439 | D:2      | Found a shimmering altar of Xom.
  1449 | D:2      | Reached skill level 1 in Maces & Flails
  1733 | D:2      | Reached XP level 4. HP: 25/25 MP: 5/8
  1983 | D:2      | Noticed a phantom
  1989 | D:2      | Noticed Terence
  2155 | D:1      | Slain by a phantom

Vault maps used:
D:1:      wander_arrival_lonely_grave, minmay_tall_x
D:2:      cheibrodos_old_hovel, lemuel_doored_altar, minivault_27, uniq_terence,
          uniq_robin, uniq_jessica

Skill      XL: |  1  2  3 |
---------------+----------+-----
Fighting       | 1 |  1.6
Maces & Flails | 1 |  1.3
Dodging        | |  2.1
Stealth        | |  2.0
Spellcasting   | |  2.7
Conjurations   | |  5.9

Action                   |  1- 3 |  4- 6 || total
-------------------------+-------+-------++-------
Melee: Unarmed           |     1 |       ||     1
       Whip              |    21 |    16 ||    37
       Peck              |     2 |     3 ||     5
       Kick              |     2 |     2 ||     4
 Cast: Magic Dart        |    43 |    30 ||    73
       Searing Ray       |     4 |       ||     4
 Stab: Sleeping          |     1 |       ||     1
  Eat: Chunk             |     3 |     2 ||     5
Armor: Robe              |    11 |     4 ||    15
Dodge: Dodged            |    28 |    11 ||    39

Table legend:
 A = Non-vault XP
 B = Vault XP
 C = Vault XP percentage of total XP
 D = Non-vault monster count
 E = Vault monster count
 F = Vault count percentage of total count
                 A         B        C        D         E       F
            +---------+---------+-------+---------+---------+-------
      Total |      80 |      17 |  17.5 |      32 |       7 |  17.9
            +---------+---------+-------+---------+---------+-------
        D:1 |      46 |      12 |  20.7 |      22 |       4 |  15.4
        D:2 |      34 |       5 |  12.8 |      10 |       3 |  23.1
            +---------+---------+-------+---------+---------+-------
